AoeStats
← ogipochi_

Arena

503813240Analyzed
3v3 RM · 1mo ago on Sep 2, 2026· 38m 7s· 6 players
Game mode
Random Map
Map size
Normal (6 player)
Population
200
Speed
Normal
Resources
Standard
Victory
Conquest
Starting age
Dark Age
Ending age
Imperial Age
RankedLock teamsTeams togetherTeam positionsShared explorationLock speedFull tech treeHidden civsTurbo modeCheats
Victory
Defeat
🇮🇹 Italians · Italy
913
+6
🇯🇵 Vikings · Japan
884
+7
🇨🇳 Wei · China
884
+7
🇧🇪 Slavs · Belgium
711
-8
🇰🇿 Teutons · Kazakhstan
702
-8
🇫🇷 Koreans · France
566
-4
Pawel
12:08 Feudal Age
13:31 Wheelbarrow
12:44 Double-Bit Axe
12:43 Horse Collar
16:32 Stone Mining
16:33 Gold Mining
23:16 Castle Age
21:22 Man-at-Arms
23:23 Long Swordsman
23:50 Gambesons
24:13 Heavy Plow
24:30 Bow Saw
26:49 Hand Cart
27:18 Scale Mail Armor
27:37 Guard Tower
28:04 Masonry
30:22 Forging
35:43 Imperial Age
34:55 Padded Archer Armor
34:46 Fletching
35:11 Chain Mail Armor
35:33 Iron Casting
35:42 Pikeman
36:32 Two-Handed Swordsman
XenuS_07
12:07 Feudal Age
20:17 Castle Age
20:58 Double-Bit Axe
20:59 Horse Collar
nico1998
11:23 Feudal Age
12:02 Gold Mining
11:58 Horse Collar
12:05 Double-Bit Axe
12:58 Wheelbarrow
ogipochi_
11:17 Feudal Age
10:18 Loom
12:05 Gold Mining
12:01 Double-Bit Axe
11:57 Horse Collar
17:22 Castle Age
16:40 Stone Mining
17:18 Forging
17:10 Scale Mail Armor
19:46 Iron Casting
20:06 Chain Mail Armor
23:36 Arson
23:37 Gambesons
24:03 Squires
23:24 Man-at-Arms
23:27 Crossbowman
25:55 Fletching
27:03 Heavy Plow
27:39 Gold Shaft Mining
26:29 Long Swordsman
27:30 Bow Saw
29:01 Chieftains
29:41 Town Watch
30:36 Ballistics
30:28 Fortified Wall
29:59 Treadmill Crane
30:47 Caravan
30:59 Padded Archer Armor
30:56 Bodkin Arrow
35:02 Imperial Age
33:29 Pikeman
35:45 Leather Archer Armor
35:03 Arbalester
36:11 Conscription
35:52 Bogsveigar
35:18 Elite Berserk
35:59 Two-Handed Swordsman
36:42 Bracer
37:13 Ring Archer Armor
37:51 Chemistry
36:45 Champion
maRtin993♪
8:08 Loom
11:49 Feudal Age
14:07 Horse Collar
14:15 Double-Bit Axe
15:36 Wheelbarrow
14:53 Gold Mining
16:00 Stone Mining
20:17 Castle Age
19:57 Town Watch
21:32 Heavy Plow
21:43 Bow Saw
22:30 Hand Cart
23:04 Stone Shaft Mining
23:06 Forging
27:00 Fervor
27:21 Scale Barding Armor
27:52 Iron Casting
27:46 Town Patrol
29:39 Tuntian
30:04 Chain Barding Armor
29:39 Fletching
29:50 Padded Archer Armor
33:17 Imperial Age
33:27 Bodkin Arrow
33:48 Leather Archer Armor
33:46 Thumb Ring
34:51 Parthian Tactics
36:00 Bracer
36:30 Ring Archer Armor
37:01 Blast Furnace
36:40 Gold Shaft Mining
37:21 Elite Tiger Cavalry
MABragadin
5:07 Loom
10:34 Feudal Age
11:22 Double-Bit Axe
12:32 Horse Collar
16:44 Castle Age
17:25 Heavy Plow
17:39 Bow Saw
19:03 Town Watch
19:20 Gold Mining
19:53 Stone Mining
21:20 Wheelbarrow
21:11 Treadmill Crane
22:49 Treadmill Crane
24:29 Hand Cart
27:23 Squires
27:35 Forging
28:38 Town Patrol
31:32 Imperial Age
30:24 Ballistics
30:43 Iron Casting
30:40 Fletching
33:50 Blast Furnace
32:38 Arson
33:55 Chemistry
33:29 Crop Rotation
34:21 Two-Man Saw
33:27 Bodkin Arrow
34:02 Conscription
34:54 Bloodlines
34:49 Scale Mail Armor
35:04 Masonry
35:39 Husbandry
35:40 Murder Holes
36:36 Chain Mail Armor
Connection lost

Rejoining the realm…

Still unreachable

The connection could not be restored.

Session expired

The server has moved on; the page needs a fresh start.